 Dungeon Crawl Stone Soup version 0.29.1-15-g9cfb28693d (webtiles) character file.

Game seed: 4396221543193692888

188 Artool the Trooper (level 5, -6/45 HPs)
             Began as a Demonspawn Fighter on Apr 6, 2023.
             Killed from afar by an orc wizard (11 damage)
             ... with a puff of flame
             ... on level 4 of the Dungeon.
             The game lasted 00:04:26 (2714 turns).

Artool the Trooper (Demonspawn Fighter)             Turns: 2714, Time: 00:04:27

Health: -6/45      AC: 12    Str: 19    XL:     5   Next: 39%
Magic:  5/5        EV:  9    Int:  9    God:
Gold:   202        SH:  4    Dex: 12    Spells: 4/4 levels left

rFire   . . .      SeeInvis .   a - +0 flail
rCold   . . .      Faith    .   c - +0 buckler
rNeg    . . .      Spirit   .   b - +0 scale mail
rPois   .          Reflect  .   (no helmet)
rElec   .          Harm     .   (no cloak)
rCorr   .          Rampage  .   h - +2 pair of gloves
Will    .....                   (no boots)
Stlth   ..........              (no amulet)
HPRegen 0.15/turn               (no ring)
MPRegen 0.09/turn               (no ring)

@: lethally poisoned (-6 -> -28)
A: rugged brown scales 2, weakness stinger 1
a: no special abilities


You were on level 4 of the Dungeon.
You visited 1 branch of the dungeon, and saw 4 of its levels.

You collected 202 gold pieces.

Inventory:

Hand Weapons
 a - a +0 flail (weapon)
Missiles
 r - 5 silver javelins (quivered)
 v - 6 poisoned darts
Armour
 b - a +0 scale mail (worn)
 c - a +0 buckler (worn)
 h - a +2 pair of gloves (worn)
Jewellery
 p - an amulet of guardian spirit
Wands
 w - a wand of roots (8)
Scrolls
 f - 4 scrolls of identify {unknown}
 g - 3 scrolls of teleportation {unknown}
 i - a scroll of magic mapping {unknown}
 k - 2 scrolls of blinking {unknown}
 l - a scroll of brand weapon {unknown}
 n - 2 scrolls of vulnerability {unknown}
 o - a scroll of silence {unknown}
 s - a scroll of amnesia {unknown}
 t - a scroll of fog {unknown}
Potions
 d - a potion of might
 e - 3 potions of heal wounds {unknown}
 j - a potion of cancellation {unknown}
 m - a potion of curing {unknown}
 q - a potion of brilliance {unknown}
 u - a potion of degeneration {unknown}


   Skills:
 + Level 4.3 Fighting
 + Level 3.2 Maces & Flails
 + Level 3.9 Armour
 - Level 2.6 Shields


You had 4 spell levels left.
You didn't know any spells.
Your spell library contained the following spells:

 Spells                   Type           Power      Damage    Failure   Level
 Sandblast                Erth           0%         2d4       85%         1
 Passwall                 Tmut/Erth      0%         N/A       94%         2
 Stone Arrow              Conj/Erth      0%         3d7       99%         3


Dungeon Overview and Level Annotations

Branches:
Dungeon (4/15)
 Temple: D:4-7

Altars:

Shops:
D:1 *   D:2 [


Innate Abilities, Weirdness & Mutations

You are mostly covered in rugged brown scales. (AC +2, +5% HP)
You have a small tail.


Message History

The puff of flame hits you.
You bump into the rock wall.
You feel less confused.
The orc wizard hits you but does no damage.
You are poisoned.
The orc wizard hits you with a +0 dagger.
You closely miss the orc wizard.
The orc wizard is moderately wounded.
You feel sick.
The orc wizard hits you but does no damage.
The orc wizard mumbles some strange words.
The orc wizard flickers and vanishes!
Deactivating autopickup; reactivate with Ctrl-A.
You completely miss the orc wizard.
The orc wizard is moderately wounded.
You feel sick.
The orc wizard hits you but does no damage.
Something hits you but does no damage.
You are more poisoned.
Something hits you but does no damage.
You are more poisoned.
The orc wizard barely misses you.
You thump the orc wizard!
You kill the orc wizard!
You feel very sick. Something hits you.
You are lethally poisoned!
Unknown command.
You feel very sick. Something hits you but does no damage.
You are more poisoned.
Things that are here:
a +0 dagger; a +0 robe You hit something.
* * * LOW HITPOINT WARNING * * *
You feel extremely sick.
You hear some strange, mumbled words.
A puff of flame appears from out of thin air!
The puff of flame hits you!
You die...

#.# ##.## ... #.#
#.# #.# ##)########
#{.>.......
#.@######## #..#
#..# #.####..# g#
#.##.......# . #
#.#######.## ##..
#.# #.##########..#
#.# #............##
## #.#
######.........###.


There were no monsters in sight!

Vanquished Creatures
  A howler monkey (D:4)
  2 orc wizards (D:4)
  An iguana (D:4)
  An adder (D:3)
  A worm (D:2)
  3 dart slugs
  2 orcs
  7 ball pythons
  3 endoplasms
  A giant cockroach (D:1)
  6 goblins
  8 hobgoblins
  5 jackals
  5 kobolds
  2 quokkas (D:1)
  3 frilled lizards
  4 rats
55 creatures vanquished.

Notes
Turn   | Place    | Note
-------+----------+-------------------------------------------
     0 | D:1      | Artool the Demonspawn Fighter began the quest for the Orb.
     0 | D:1      | Reached XP level 1. HP: 18/18 MP: 1/1
   232 | D:1      | Gained mutation: You are partially covered in rugged brown
                  | scales. (AC +1, +3% HP) [demonic ancestry]
   232 | D:1      | Reached XP level 2. HP: 16/24 MP: 2/2
   782 | D:1      | Found a faded altar of an unknown god.
   894 | D:1      | Found Mycunnug's General Store.
  1015 | D:1      | Gained mutation: You have a small tail. [demonic ancestry]
  1015 | D:1      | Reached XP level 3. HP: 29/29 MP: 3/3
  1225 | D:2      | Found Axerphal's Antique Armour Shoppe.
  1579 | D:2      | You fall into a shaft and drop 1 floor!
  2129 | D:3      | Noticed a black bear
  2253 | D:4      | Gained mutation: You are mostly covered in rugged brown
                  | scales. (AC +2, +5% HP) [demonic ancestry]
  2253 | D:4      | Reached XP level 4. HP: 30/38 MP: 4/4
  2394 | D:4      | Reached skill level 4 in Fighting
  2413 | D:4      | Reached XP level 5. HP: 22/44 MP: 5/5
  2714 | D:4      | Killed from afar by an orc wizard

Illustrated notes

Levels and vault maps discovered:
D:1:      wander_arrival_estate, layout_basic, shapermc_ecumenical_altar_petra,
          serial_shops, shop_coins
D:2:      layout_loops_ring, serial_shops, nicolae_shop_stone, uniq_terence
D:3:      layout_basic, serial_corexii_hall, corexii_hall_statues_deadend,
          chequers_hall_statues_y, roderic_lattice_a
D:4:      layout_loops_ring, minmay_between, uniq_edmund

Skill      XL: |  1  2  3  4 |
---------------+-------------+-----
Maces & Flails | 2 3 |  3.2
Armour         | 3 |  3.9
Fighting       | 4 |  4.3
Shields        | |  2.6

Action                   |  1- 3 |  4- 6 || total
-------------------------+-------+-------++-------
Melee: Flail             |   111 |    52 ||   163
       Tailslap          |     3 |     3 ||     6
Armor: Scale mail        |    58 |    32 ||    90
Dodge: Dodged            |    52 |    17 ||    69
Block: Buckler           |    28 |     6 ||    34
